Map: [ESL] NeoHumanity

Players

Maru

  • Race: Terran Terran

Oliveira - Winner!

  • Race: Terran Terran

Event: IEM Katowice 2023

VOD

https://youtu.be/TIAcACrBxJ4?t=1143

Description

Time

  • Played on: Feb. 12, 2023, 1:30 p.m.
  • Length: 11:21

All games in this series

Show
View Real Time Build Order
Export as new Build Order

Maru Terran 

Build Orders: Gas First Reaper Expand 

Get SALT Encoding   

  12  0:00  SCV  
  13  0:12  SCV  
  14  0:17  Supply Depot  
  14  0:24  SCV  
  15  0:29  Refinery  
  15  0:38  SCV  
  16  0:43  Barracks  
  16  0:50  SCV  
  17  1:02  SCV  
  18  1:15  SCV  
  19  1:30  Orbital Command, Reaper  
  20  1:41  Command Center  
  20  1:52  Factory  
  20  1:56  SCV  
  21  2:03  Supply Depot  
  21  2:08  SCV, Barracks Reactor  
  21  2:13  Refinery  
  22  2:20  SCV  
  23  2:32  SCV  
  23  2:36  Hellion  
  26  2:41  Starport  
  26  2:45  Marine x2, SCV  
  29  2:53  Orbital Command  
  29  2:57  Widow Mine, SCV  
  32  3:02  Marine  
  32  3:03  Marine  
  34  3:08  Orbital Command  
  34  3:12  SCV  
  35  3:13  Supply Depot  
  35  3:18  Medivac  
  37  3:21  Factory Tech Lab  
  37  3:24  Marine, SCV  
  37  3:26  Marine  
  40  3:36  SCV x2  
  40  3:40  Cyclone  
  44  3:44  Marine x2  
  46  3:48  SCV  
  46  3:50  SCV, Supply Depot  
  46  3:54  Starport Tech Lab  
  48  4:00  SCV  
  49  4:02  SCV  
  50  4:13  SCV, Raven  
  50  4:15  SCV  
  50  4:16  Marine x2  
  56  4:17  Supply Depot  
  56  4:23  Command Center  
  56  4:25  Siege Tank  
  56  4:27  SCV  
  60  4:32  SCV  
  60  4:39  SCV  
  60  4:44  SCV  
  55  4:46  Refinery  
  55  4:51  SCV  
  56  4:56  SCV  
  56  4:59  Starport Reactor  
  55  5:01  Siege Tank, Barracks  
  55  5:03  Barracks, SCV  
  55  5:05  Marine  
  60  5:08  SCV  
  60  5:13  Engineering Bay  
  60  5:14  Engineering Bay  
  61  5:15  SCV  
  61  5:16  Stimpack  
  61  5:21  SCV  
  63  5:27  Barracks, SCV  
  64  5:28  Barracks  
  64  5:30  Refinery  
  64  5:33  SCV  
  65  5:39  SCV  
  66  5:45  Terran Infantry Armor Level 1, Terran Infantry Weapons Level 1, SCV  
  66  5:46  Starport Reactor  
  67  5:51  Marine x3  
  67  5:52  SCV  
  67  5:57  Marine x2, SCV  
  71  5:59  Orbital Command  
  71  6:00  Supply Depot  
  71  6:03  Siege Tank  
  71  6:04  SCV  
  78  6:09  Marine, SCV  
  80  6:11  Marine x2  
  80  6:14  Marine  
  80  6:16  SCV  
  84  6:21  SCV  
  84  6:22  Barracks Reactor x2  
  84  6:23  Supply Depot  
  83  6:25  Medivac  
  83  6:27  Medivac  
  83  6:28  SCV x2  
  89  6:33  SCV  
  89  6:34  Supply Depot  
  89  6:35  Missile Turret  
  89  6:39  Siege Tank  
  93  6:45  SCV x3  
  93  6:47  Missile Turret  
  95  6:48  Marine  
  95  6:49  Marine x3  
  99  6:57  SCV x3  
  99  6:59  Sensor Tower  
  99  7:00  Marine x2  
  103  7:02  Supply Depot  
  103  7:04  Armory  
  103  7:05  Marine x3, Refinery x2  
  106  7:09  SCV x3  
  109  7:16  Combat Shield, Supply Depot  
  109  7:23  Marine x4, Medivac, SCV  
  109  7:25  Marine x3  
  109  7:32  Marine  
  109  7:33  Marine  
  87  7:38  Medivac  
  87  7:41  Marine x4  
  87  7:42  Siege Tank  
  87  7:43  Marine x2  
  87  7:44  Marine  
  79  7:59  Marine  
  79  8:00  Marine x5  
  79  8:02  Medivac  
  79  8:13  SCV  
  79  8:14  Siege Tank  
  79  8:17  Marine x2  
  79  8:18  Marine x3, Orbital Command  
  68  8:33  Liberator  
  70  8:35  Marine x2  
  70  8:36  Marine x3  
  70  8:37  SCV  
  71  8:42  Orbital Command  
  71  8:46  Siege Tank  
  71  8:49  SCV  
  71  8:53  Marine x3  
  75  8:55  Medivac  
  75  9:01  SCV x2  
  75  9:13  SCV  
  75  9:15  Marine  
  77  9:18  Marine  
  77  9:19  Marine  
  79  9:26  SCV x3  
  81  9:32  Marine x2  
  81  9:38  Marine x2, SCV  
  78  9:41  Marine  
  78  9:45  SCV x2  
  79  9:49  Marine  
  79  9:50  Marine, Supply Depot  
  79  9:52  Supply Depot  
  79  9:56  Marine x2  
  79  9:59  Marine  
  75  10:07  Marine x2  
  75  10:11  SCV  
  72  10:14  Marine x2  
  72  10:16  Siege Tank  
  72  10:17  Marine, Orbital Command  
  77  10:22  Liberator  
  77  10:25  Marine x2  
  82  10:32  Marine x2  
  82  10:35  Marine  
  85  10:36  SCV  
  85  10:37  SCV  
  85  10:41  Supply Depot  
  87  10:43  Marine x2, SCV  
  87  10:48  Siege Tank  
  87  10:49  Marine, SCV x2  
  95  10:50  Marine  
  95  10:53  Marine  
Show
View Real Time Build Order
Export as new Build Order

Oliveira Terran - Winner!

Build Orders: Reaper Expand 

Get SALT Encoding   

  12  0:00  SCV  
  13  0:12  SCV  
  14  0:16  Supply Depot  
  14  0:24  SCV  
  15  0:38  SCV  
  15  0:39  Barracks  
  16  0:44  Refinery  
  16  0:50  SCV  
  17  1:02  SCV  
  18  1:14  SCV  
  19  1:27  Orbital Command, Reaper  
  20  1:41  Command Center  
  20  1:50  Supply Depot  
  21  1:54  SCV  
  21  1:58  Marine  
  22  2:06  SCV  
  23  2:09  Factory  
  23  2:18  SCV  
  23  2:20  Refinery  
  23  2:21  Barracks Reactor  
  24  2:26  Bunker  
  24  2:30  SCV  
  25  2:42  SCV  
  26  2:53  Orbital Command  
  26  2:54  Starport, Hellion  
  26  2:56  SCV  
  29  3:01  Marine x2  
  31  3:08  SCV  
  32  3:16  Factory Tech Lab  
  32  3:18  SCV  
  33  3:20  Marine x2  
  33  3:21  SCV  
  33  3:24  Supply Depot  
  36  3:30  SCV  
  36  3:33  SCV  
  38  3:40  Marine x2, Factory Tech Lab, Raven  
  42  3:42  SCV  
  42  3:45  SCV  
  44  3:54  Command Center  
  44  3:56  SCV  
  44  3:59  SCV  
  44  4:02  Cyclone  
  49  4:06  Supply Depot  
  49  4:08  SCV  
  50  4:12  SCV  
  53  4:22  Barracks x2, SCV  
  53  4:24  SCV  
  53  4:25  Starport Reactor  
  53  4:28  Stimpack  
  53  4:30  Marine  
  53  4:41  SCV  
  53  4:43  SCV  
  53  4:50  Siege Tank, Marine  
  57  4:53  SCV  
  57  4:55  SCV  
  57  4:56  Refinery  
  57  4:57  Refinery  
  59  5:05  SCV  
  60  5:07  SCV  
  60  5:08  Orbital Command  
  60  5:09  Engineering Bay x2  
  60  5:10  Starport Reactor  
  60  5:12  Marine x2  
  63  5:14  Marine  
  63  5:16  Marine  
  63  5:17  Marine  
  63  5:18  SCV  
  63  5:20  SCV  
  68  5:24  Supply Depot  
  68  5:26  Siege Tank  
  71  5:30  Orbital Command, SCV  
  71  5:32  Marine, SCV  
  71  5:33  Marine  
  71  5:35  Marine x2  
  77  5:42  Terran Infantry Armor Level 1, Terran Infantry Weapons Level 1  
  77  5:46  SCV, Supply Depot  
  77  5:49  SCV  
  79  5:51  Marine x3  
  79  5:57  SCV  
  82  5:59  Marine  
  82  6:01  Supply Depot  
  82  6:03  SCV x2  
  85  6:10  Combat Shield  
  85  6:11  Marine  
  85  6:12  Siege Tank, Medivac  
  85  6:13  SCV  
  85  6:16  Marine  
  93  6:22  Medivac, SCV x2  
  93  6:23  Marine, Supply Depot  
  93  6:24  Marine  
  99  6:26  SCV  
  99  6:28  Marine  
  101  6:40  Barracks  
  101  6:42  Barracks  
  101  6:44  Marine x3, SCV x3  
  101  6:46  Marine x2  
  107  6:56  SCV x2  
  109  7:01  Supply Depot  
  109  7:02  Supply Depot  
  109  7:22  Marine, SCV x2  
  109  7:23  Marine x3, Siege Tank  
  109  7:26  Marine  
  107  7:33  Marine  
  107  7:34  SCV  
  107  7:36  Marine  
  100  7:40  Marine x4  
  94  7:44  Marine  
  94  7:46  SCV  
  88  7:51  Marine  
  88  7:54  Marine  
  88  7:55  Siege Tank  
  88  7:56  SCV  
  88  7:57  Orbital Command  
  88  7:58  Marine x4  
  82  8:01  SCV  
  82  8:02  Marine  
  82  8:04  Armory  
  87  8:08  SCV  
  87  8:09  Marine  
  87  8:12  Marine  
  86  8:13  SCV  
  86  8:16  Marine x3  
  86  8:17  Marine  
  86  8:20  Marine, SCV  
  86  8:25  SCV  
  86  8:26  SCV  
  90  8:32  SCV  
  93  8:34  Medivac x2  
  93  8:36  Marine  
  93  8:37  SCV  
  93  8:38  SCV  
  93  8:40  Marine  
  93  8:41  Marine  
  98  8:42  Marine  
  98  8:44  SCV  
  98  8:45  Barracks Reactor  
  99  8:49  SCV  
  99  8:50  SCV  
  99  8:52  Terran Infantry Weapons Level 2  
  101  8:57  SCV  
  101  8:58  Terran Infantry Armor Level 2  
  101  9:01  SCV  
  101  9:02  SCV  
  104  9:06  Marine x2  
  104  9:09  SCV  
  104  9:11  Marine  
  104  9:12  Siege Tank  
  104  9:13  SCV  
  104  9:14  SCV  
  110  9:20  Marine  
  110  9:21  SCV  
  111  9:26  SCV  
  111  9:27  Sensor Tower, Barracks Reactor  
  104  9:31  SCV  
  104  9:33  Marine, SCV  
  104  9:37  Marine  
  99  9:40  Marine  
  99  9:42  SCV  
  99  9:43  Marine, SCV  
  103  9:47  Marine  
  103  9:48  Siege Tank, SCV  
  107  9:54  SCV  
  107  9:56  Marine  
  107  9:57  Marine x2  
  107  9:58  SCV  
  109  10:00  Medivac x2  
  109  10:06  Marine x2  
  110  10:07  SCV  
  105  10:16  Marine x2  
  105  10:17  Marine x2, SCV x2  
  105  10:19  Marine, SCV  
  105  10:21  Marine x2  
  111  10:22  Siege Tank  
  111  10:27  Marine x2, Missile Turret  
  111  10:28  Missile Turret  
  116  10:30  SCV  
  116  10:31  Missile Turret  
  116  10:32  Supply Depot  
  117  10:36  Marine x2, SCV  
  117  10:38  Marine  
  117  10:41  Marine  
  122  10:43  Marine  
  122  10:48  SCV  
  125  10:52  Marine  
  125  10:53  Marine  
  125  10:55  Supply Depot x2  

Tags
 
Add a new tag
Caveats
  • Supply blocks, unpowered buildings, or Contaminate may cause inaccurate times.
  • Supply counts are checked every 10 seconds.